AoeStats
← Fluvialgeomorphologist

Black Forest

507211327Analyzed
3v3 RM · 14d ago on Sep 17, 2026· 53m 19s· 6 players
Game mode
Random Map
Map size
Normal (6 player)
Population
200
Speed
Normal
Resources
Standard
Victory
Conquest
Starting age
Dark Age
Ending age
Imperial Age
RankedLock teamsTeams togetherTeam positionsShared explorationLock speedFull tech treeHidden civsTurbo modeCheats
Victory
Defeat
🇺🇸 Spanish · United States
890
+19
🇺🇸 Bohemians · United States
883
+19
🇺🇸 Turks · United States
818
+22
🇺🇸 Khmer · United States
969
-21
🇺🇸 Magyars · United States
945
-20
🇺🇸 Goths · United States
934
-19
shabolobodingdong
0:34 Loom
13:09 Feudal Age
18:26 Castle Age
18:15 Double-Bit Axe
18:12 Horse Collar
18:25 Stone Mining
18:29 Gold Mining
22:23 Bow Saw
25:11 Heavy Plow
29:47 Fervor
29:50 Redemption
29:42 Herbal Medicine
30:13 Sanctity
30:47 Stone Shaft Mining
32:07 Caravan
32:32 Herbal Medicine
37:34 Imperial Age
35:46 Wheelbarrow
35:39 Ballistics
35:37 Masonry
35:44 Padded Archer Armor
36:39 Inquisition
37:56 Devotion
39:23 Chemistry
39:11 Conscription
39:56 Block Printing
40:08 Illumination
40:24 Theocracy
39:20 Elite Conquistador
Fluvialgeomorphologist
12:30 Feudal Age
10:45 Loom
16:22 Castle Age
15:23 Double-Bit Axe
15:21 Horse Collar
17:17 Wheelbarrow
19:54 Fervor
22:43 Bow Saw
25:11 Hand Cart
25:15 Town Watch
30:43 Imperial Age
28:30 Forging
28:21 Scale Mail Armor
28:22 Padded Archer Armor
28:12 Fletching
29:25 Chemistry
32:42 Two-Man Saw
33:20 Heavy Plow
35:10 Ballistics
34:48 Bodkin Arrow
35:08 Leather Archer Armor
35:09 Chain Mail Armor
35:29 Conscription
35:16 Hussite Reforms
35:19 Wagenburg Tactics
34:40 Pikeman
35:21 Squires
34:44 Houfnice
36:03 Caravan
36:16 Halberdier
38:33 Iron Casting
38:29 Plate Mail Armor
40:08 Onager
44:48 Siege Engineers
48:02 Elite Skirmisher
nicolasvillassanta15
2:15 Loom
17:01 Feudal Age
19:11 Horse Collar
19:24 Double-Bit Axe
24:05 Castle Age
22:23 Horse Collar
23:33 Gold Mining
24:06 Stone Mining
26:43 Heavy Plow
39:28 Imperial Age
37:20 Ballistics
38:20 Forging
38:16 Scale Barding Armor
38:59 Wheelbarrow
38:46 Bloodlines
38:51 Caravan
39:06 Husbandry
40:11 Iron Casting
40:06 Chain Barding Armor
40:36 Heavy Camel Rider
44:13 Conscription
43:14 Elite Janissary
45:17 Blast Furnace
44:53 Plate Barding Armor
50:28 Artillery
Jack_Beguiled
11:28 Feudal Age
13:44 Horse Collar
14:02 Loom
15:06 Double-Bit Axe
18:23 Castle Age
18:12 Stone Mining
18:14 Gold Mining
20:00 Heavy Plow
25:03 Corvinian Army
26:26 Bow Saw
28:35 Wheelbarrow
30:49 Hand Cart
34:16 Imperial Age
32:29 Scale Barding Armor
34:29 Ballistics
34:07 Murder Holes
34:38 Chain Barding Armor
34:08 Fletching
34:19 Padded Archer Armor
34:42 Caravan
35:25 Conscription
35:08 Recurve Bow
34:31 Elite Magyar Huszar
35:53 Hoardings
37:02 Recurve Bow
37:42 Plate Barding Armor
38:13 Bodkin Arrow
43:17 Heavy Cavalry Archer
44:25 Parthian Tactics
44:10 Thumb Ring
47:19 Bracer
47:34 Leather Archer Armor
47:20 Scale Mail Armor
JacobWolfson
10:15 Loom
12:00 Feudal Age
15:06 Castle Age
13:06 Double-Bit Axe
13:55 Horse Collar
21:56 Heavy Plow
23:46 Bow Saw
26:11 Wheelbarrow
27:44 Hand Cart
28:16 Gold Mining
28:54 Town Watch
34:36 Imperial Age
32:11 Town Patrol
32:16 Caravan
33:18 Scale Barding Armor
33:23 Forging
33:05 Fletching
33:39 Ballistics
34:07 Tusk Swords
34:20 Bloodlines
34:12 Husbandry
35:08 Elite Battle Elephant
35:12 Capped Ram
35:53 Heavy Scorpion
36:45 Siege Engineers
38:00 Chemistry
36:31 Siege Ram
38:14 Double Crossbow
39:12 Chain Barding Armor
39:27 Iron Casting
38:49 Bodkin Arrow
41:16 Devotion
45:06 Light Cavalry
46:51 Hussar
49:32 Elite Ballista Elephant
Chuck4now
14:23 Feudal Age
12:42 Loom
13:26 Loom
16:13 Double-Bit Axe
17:52 Horse Collar
21:31 Castle Age
22:35 Stone Mining
27:19 Scale Mail Armor
27:45 Man-at-Arms
31:51 Caravan
34:35 Gold Mining
35:48 Chain Mail Armor
36:36 Ballistics
36:12 Murder Holes
37:25 Long Swordsman
38:08 Squires
38:39 Forging
39:32 Wheelbarrow
39:25 Heavy Plow
39:59 Pikeman
43:32 Hand Cart
45:36 Anarchy
51:15 Imperial Age
51:45 Two-Handed Swordsman
51:54 Halberdier
Connection lost

Rejoining the realm…

Still unreachable

The connection could not be restored.

Session expired

The server has moved on; the page needs a fresh start.